 Dungeon Crawl Stone Soup version 0.30-a0-718-geaa24f58ff (webtiles) character file.

Game seed: 14858038228998698746

1436 Darius099 the Grappler (level 8, -2/69 (74) HPs)
             Began as a Troll Monk on Jan 25, 2023.
             Killed from afar by a wight (16 damage)
             ... with an iceblast
             ... on level 6 of the Dungeon.
             The game lasted 00:12:48 (4549 turns).

Darius099 the Grappler (Troll Monk)                 Turns: 4549, Time: 00:12:49

HP:   -2/69 (74)    AC:  8    Str: 26    XL:     8   Next: 45%
MP:   7/7           EV: 10    Int:  6    God:
Gold: 232           SH:  0    Dex: 14    Spells: 7/7 levels left

rFire   . . .      SeeInvis .      - Unarmed
rCold   . . .      Faith    .    (no shield)
rNeg    . . .      Spirit   .    a - +0 robe
rPois   .          Reflect  .    (helmet restricted)
rElec   .          Harm     .    (no cloak)
rCorr   .          Rampage  .    (gloves unavailable)
Will    .....                    (boots unavailable)
Stlth   ++                       (no amulet)
HPRegen 1.11/turn                d - +6 ring of strength
MPRegen 0.10/turn                z - +4 ring of protection

@: attractive, drained
A: large, unfitting armour, claws 3, regeneration 1, shaggy fur 1, tough skin 1
a: no special abilities


You were on level 6 of the Dungeon.
You visited 2 branches of the dungeon, and saw 7 of its levels.

You collected 232 gold pieces.

Inventory:

Hand Weapons
 y - the +5 spear of Iwasch {drain, rElec rCorr Dex+3}
   (You found it on level 5 of the Dungeon)

   Dex:       It affects your dexterity (+3).
   rElec:     It insulates you from electricity.
   rCorr:     It protects you from acid and corrosion.
Missiles
 b - a throwing net (quivered)
Armour
 a - a +0 robe (worn)
Jewellery
 c - a ring of see invisible
 d - a +6 ring of strength (left claw)
 k - a ring of fire
 v - an amulet of the acrobat
 z - a +4 ring of protection (right claw)
Wands
 n - a wand of polymorph (10)
 r - a wand of mindburst (18)
 u - a wand of digging (8)
Scrolls
 e - 3 scrolls of noise {unknown}
 f - 8 scrolls of teleportation {unknown}
 i - 7 scrolls of identify {unknown}
 j - 3 scrolls of poison {unknown}
 l - 2 scrolls of immolation {unknown}
 m - 2 scrolls of torment {unknown}
 p - a scroll of magic mapping {unknown}
 t - a scroll of enchant weapon {unknown}
Potions
 g - 2 potions of attraction
 h - 3 potions of curing
 o - a potion of invisibility {unknown}
 q - a potion of flight {unknown}
 s - a potion of degeneration {unknown}
 w - a potion of brilliance {unknown}
 x - 2 potions of mutation {unknown}


   Skills:
 - Level 2.4 Fighting
 - Level 2.4 Dodging
 - Level 1.0 Stealth
 + Level 10.9 Unarmed Combat


You had 7 spell levels left.
You didn't know any spells.
Your spell library contained the following spells:

 Spells                   Type           Power      Damage    Failure   Level
 Necrotise                Necr           0%         1d4       45%         1
 Ensorcelled Hibernation  Hex/Ice        0%         N/A       58%         2
 Passwall                 Tmut/Erth      0%         N/A       58%         2
 Swiftness                Air            0%         N/A       83%         3
 Vampiric Draining        Necr           0%         2d6       83%         3
 Agony                    Necr           0%         N/A       100%        5


Dungeon Overview and Level Annotations

Branches:
Dungeon (6/15)             Temple (1/1) D:4

Altars:
Ashenzari
Cheibriados
Dithmenos
Elyvilon
Gozag
Hepliaklqana
Kikubaaqudgha
Makhleb
Okawaru
Qazlal
Ru
Sif Muna
Trog
Uskayaw
Vehumet
Wu Jian
Xom
Yredelemnul
Zin
The Shining One


Innate Abilities, Weirdness & Mutations

You are too large for most types of armour.
You have claws for hands.
Your natural rate of healing is unusually fast.
You are covered in fur. (AC +1)
You have tough skin. (AC +1)


Message History

The wight closely misses you.
Things that are here:
a +5 dagger of freezing; a +0 robe; a wand of light (6)
You scratch the wight but do no damage. The wight barely misses you.
You claw the wight!
The wight is almost destroyed.
The wight hits you from afar with a +0 halberd.
The wight hits you with a +4 long sword!
You feel drained. The wight closely misses you.
You claw the wight!
You destroy the wight!
The wight hits you from afar with a +0 halberd!
You feel drained.
The wight hits you from afar with a +6 spear!
* * * LOW HITPOINT WARNING * * *
You feel drained. The wight misses you. The wight hits you with a +6 spear!
* * * LOW HITPOINT WARNING * * *
There is an open door here.
Things that are here:
a +4 long sword; a +0 robe The wight attacks as you move away!
The wight barely misses you. The wight completely misses you.
The wight hits you from afar with a +6 spear!
* * * LOW HITPOINT WARNING * * *
There is an open door here.
The wight zaps a wand.
The mass of ice explodes!
The iceblast engulfs you.
* * * LOW HITPOINT WARNING * * *
The wight zaps a wand.
The mass of ice explodes!
The iceblast engulfs you!
* * * LOW HITPOINT WARNING * * *
The wight zaps a wand.
The mass of ice explodes!
The iceblast engulfs you!
* * * LOW HITPOINT WARNING * * *
It was a potion of attraction.
You feel attractive to monsters. The wight is attracted toward you. x2
The wight is attracted toward you. x2
It was a potion of curing.
You feel better.
The wight zaps a wand.
The mass of ice explodes!
The iceblast engulfs the wight.
The wight partially resists.
The iceblast engulfs you!
You die...

......#...##...#........#........
......#...#....+........#....####
......'...#....#........#....#...
......#...#....#........#....#...
......##########........##+###...
........................#....#...
........................#....#...
........................#....#...
................@z§...§.'....#...
..................z§....#....#..[
........................#...##...
#.......#####'###########...#....
#.......#......#......#..z..#....
#.......#......#......#.....#....
#.......#......'......'.....#....
#.......#...[..#####..#..##.#..z.
#......####################.##)##


You could see 2 wights.

Vanquished Creatures
  2 water moccasins (D:5)
  An orc warrior (D:6)
  A sky beast (D:5)
  A centaur (D:6)
  2 phantoms
  4 wights (D:6)
  2 howler monkeys
  A hound (D:6)
  4 orc priests
  5 orc wizards
  6 adders
  A white imp (D:5)
  3 worms
  A dart slug (D:3)
  30 orcs
  7 bats
  9 endoplasms
  6 giant cockroaches
  6 goblins
  11 hobgoblins
  7 jackals
  17 kobolds
  10 quokkas
  8 ball pythons
  6 frilled lizards
  9 rats
160 creatures vanquished.

Vanquished Creatures (others)
  A wight (D:6)
1 creature vanquished.

Grand Total: 161 creatures vanquished

Notes
Turn   | Place    | Note
-------+----------+-------------------------------------------
     0 | D:1      | Darius099 the Troll Monk began the quest for the Orb.
     0 | D:1      | Reached XP level 1. HP: 22/22 MP: 0/0
   118 | D:1      | Reached XP level 2. HP: 29/29 MP: 1/1
   429 | D:1      | Reached skill level 4 in Unarmed Combat
   690 | D:1      | Reached XP level 3. HP: 36/36 MP: 2/2
  1328 | D:2      | Reached XP level 4. HP: 44/44 MP: 3/3
  1351 | D:2      | Reached skill level 5 in Unarmed Combat
  1709 | D:2      | Identified the +2 scale mail of Indomitability {rF+}
  2451 | D:3      | Reached XP level 5. HP: 50/50 MP: 4/4
  2847 | D:4      | Noticed a phantom
  2860 | D:4      | Killed a phantom
  2861 | D:4      | Reached skill level 6 in Unarmed Combat
  2897 | D:4      | Reached XP level 6. HP: 59/59 MP: 5/5
  2911 | D:4      | Reached skill level 7 in Unarmed Combat
  3053 | D:4      | Found a staircase to the Ecumenical Temple.
  3294 | Temple   | Entered the Ecumenical Temple
  3355 | D:5      | Entered Level 5 of the Dungeon
  3563 | D:5      | Reached skill level 8 in Unarmed Combat
  3649 | D:5      | Reached XP level 7. HP: 66/66 MP: 6/6
  3773 | D:5      | Identified the +5 spear of Iwasch {drain, rElec rCorr
                  | Dex+3}
  3802 | D:5      | Reached skill level 9 in Unarmed Combat
  3956 | D:6      | Reached XP level 8. HP: 37/74 MP: 7/7
  3964 | D:6      | Reached skill level 10 in Unarmed Combat
  4471 | D:6      | Found a bloodstained altar of Trog.
  4529 | D:6      | HP: 3/69 [wight/+6 spear (11)]
  4546 | D:6      | HP: 1/69 [wight/iceblast (7)]
  4549 | D:6      | Killed from afar by a wight

Illustrated notes

Levels and vault maps discovered:
D:1:      minmay_arrival_open_corners, layout_basic
D:2:      minmay_chambers_of_twos, layout_basic
D:3:      layout_basic, minmay_goblin_kobold_house
D:4:      layout_cave_pools, minmay_temple_entry_tees
D:5:      layout_rooms, nicolae_concentric_dashed_squares_mild
D:6:      cheibrodos_helix_gallery, layout_gridville, trog_hazing_becter,
          uniq_duvessa
Temple:   hellmonk_temple_of_storms

Skill      XL: |  1  2  3  4  5  6  7  8 |
---------------+-------------------------+-----
Unarmed Combat | 4 5 6 8 9 10 | 10.9
Fighting       | |  2.4
Dodging        | |  2.4
Stealth        | |  1.0

Action                     |  1- 3 |  4- 6 |  7- 9 || total
---------------------------+-------+-------+-------++-------
  Melee: Unarmed           |   100 |   150 |   101 ||   351
         Punch             |     1 |     3 |     2 ||     6
    Use: Potion            |       |       |     3 ||     3
   Stab: Sleeping          |     4 |     5 |       ||     9
 Armour: Robe              |    31 |    42 |    42 ||   115
  Dodge: Dodged            |    41 |    65 |    64 ||   170

Table legend: (Time is in decaauts)
 A = Elapsed time spent in this place.
 B = Non-inter-level travel time spent in this place.
 C = Inter-level travel time spent in this place.
 D = Time resting spent in this place.
 E = Time spent auto-exploring this place.
 F = Levels seen in this place.
 G = Mean time per level.
                   A        B        C        D        E       F      G
               +--------+--------+--------+--------+--------+-----+--------+
         Total |   4502 |   4367 |    135 |    258 |   2353 |   7 |  643.1 |
       Dungeon |   4462 |   4333 |    129 |    258 |   2335 |   6 |  743.7 |
        Temple |     39 |     33 |      6 |      0 |     18 |   1 |   39.0 |
               +--------+--------+--------+--------+--------+-----+--------+

Top non-repeatable levels by time:
     D:1: 1017 daAuts
     D:3: 954 daAuts
     D:2: 773 daAuts
     D:6: 651 daAuts
     D:4: 547 daAuts
     D:5: 518 daAuts
  Temple: 39 daAuts
